 Dungeon Crawl Stone Soup version 0.29-a0-414-g5075937ec3 (webtiles) character file.

Game seed: 302335324109800471

16180 Bruhh the Carver (level 12, -12/98 HPs)
             Began as a Merfolk Gladiator on May 15, 2022.
             Was an Initiate of Gozag.
             Mangled by a death yak (21 damage)
             ... on level 1 of the Lair of Beasts.
             The game lasted 00:20:51 (10597 turns).

Bruhh the Carver (Merfolk Gladiator)               Turns: 10597, Time: 00:20:52

Health: -12/98     AC:  7    Str: 15    XL:     12   Next: 34%
Magic:  12/12      EV: 22    Int:  7    God:    Gozag
Gold:   1606       SH:  0    Dex: 26    Spells: 11/11 levels left

rFire   . . .      SeeInvis .   S - +4 scimitar (holy)
rCold   . . .      Faith    .   (no shield)
rNeg    . . .      Spirit   .   u - +0 ring mail
rPois   +          Reflect  .   c - +0 helmet
rElec   +          Harm     .   d - +0 cloak
rCorr   .          Rampage  .   (no gloves)
Will    +....                   (no boots)
Stlth   +.........              n - amulet of regeneration
HPRegen 1.06/turn               i - ring of Darkness {Drain Fly rElec rPois Will+}
MPRegen 0.13/turn               G - +6 ring of dexterity

@: flying
A: (nimble swimmer 2), mertail, sense surroundings 1
a: Renounce Religion, Potion Petition, Call Merchant, Bribe Branch


You were on level 1 of the Lair of Beasts.
You worshipped Gozag.
Gozag was most pleased with you.
You visited 2 branches of the dungeon, and saw 11 of its levels.
You also visited: Ossuary and Bailey.

You collected 2901 gold pieces.
You spent 438 gold pieces at shops.
You paid 857 gold pieces to Gozag.

Inventory:

Hand Weapons
 a - a +0 long sword
 p - a +1 scimitar
 S - a +4 scimitar of holy wrath (weapon)
Missiles
 e - a javelin (quivered)
 j - 46 poisoned darts
 M - 5 atropa-tipped darts
Armour
 b - a +0 leather armour
 c - a +0 helmet (worn)
 d - a +0 cloak (worn)
 u - a +0 ring mail (worn)
Jewellery
 i - the ring of Darkness (left hand) {Drain Fly rElec rPois Will+}
   (You found it on level 6 of the Dungeon)

   [ring of flight]

   rElec:     It insulates you from electricity.
   rPois:     It protects you from poison.
   Fly:       It grants you flight.
   Drain:     It drains your maximum health when unequipped.
   Will:      It increases your willpower.
 n - an amulet of regeneration (around neck)
 G - a +6 ring of dexterity (right hand)
 H - an amulet of reflection
 R - a +4 ring of protection
Wands
 r - a wand of iceblast (4)
 v - a wand of mindburst (5)
 F - a wand of flame (33)
 Q - a wand of acid (2)
Scrolls
 f - 2 scrolls of fear
 k - 2 scrolls of vulnerability
 l - 2 scrolls of amnesia
 m - a scroll of enchant weapon
 q - a scroll of teleportation
 s - 5 scrolls of fog
 t - a scroll of noise
 w - 2 scrolls of blinking
 x - 3 scrolls of magic mapping
 y - a scroll of torment
 E - 2 scrolls of poison
 I - a scroll of summoning
 N - 2 scrolls of identify
 O - a scroll of acquirement {unknown}
Potions
 g - a potion of haste {unknown}
 h - 4 potions of brilliance
 o - 5 potions of lignification
 z - 2 potions of attraction {unknown}
 A - 4 potions of curing
 B - 3 potions of flight {unknown}
 C - 4 potions of might {unknown}
 D - a potion of ambrosia {unknown}
 J - 2 potions of heal wounds
 K - a potion of invisibility {unknown}
 L - 2 potions of magic {unknown}
 P - a potion of berserk rage {unknown}


   Skills:
 + Level 10.3 Fighting
 - Level 14.0 Long Blades
 - Level 2.0 Throwing
 + Level 13.3 Dodging
 + Level 9.2 Evocations


You had 11 spell levels left.
You didn't know any spells.
Your spell library contained the following spells:

 Spells                   Type           Power      Damage    Failure   Level
 Foxfire                  Conj/Fire      0%         2x1d4     67%         1
 Summon Small Mammal      Summ           0%         N/A       67%         1
 Sublimation of Blood     Necr           0%         N/A       80%         2
 Wereblood                Tmut           0%         N/A       80%         2
 Call Canine Familiar     Summ           0%         N/A       95%         3
 Conjure Flame            Conj/Fire      0%         6-21      95%         3
 Dazzling Flash           Conj/Hex       0%         N/A       95%         3
 Frozen Ramparts          Ice            0%         1d2       95%         3
 Gell's Gravitas          Tloc           0%         N/A       95%         3
 Ignite Poison            Fire/Tmut/Pois 0%         N/A       95%         3
 Inner Flame              Hex/Fire       0%         N/A       95%         3
 Summon Guardian Golem    Hex/Summ       0%         N/A       95%         3
 Teleport Other           Tloc           0%         N/A       95%         3
 Flame Wave               Conj/Fire      0%         2d4       100%        4
 Ice Form                 Ice/Tmut       0%         N/A       100%        4
 Iskenderun's Mystic Bla  Conj/Tloc      0%         2d3       100%        4
 Sticky Flame             Conj/Fire      0%         2d3       100%        4
 Summon Ice Beast         Ice/Summ       0%         N/A       100%        4
 Dispersal                Tloc           0%         N/A       100%        6
 Starburst                Conj/Fire      0%         6d3       100%        6
 Summon Hydra             Summ           0%         N/A       100%        7


Dungeon Overview and Level Annotations

Branches:
Dungeon (9/15)             Temple (0/1) D:4            Lair (2/6) D:9
    Orc (0/2) D:9         Ossuary (visited)          Bailey (visited)
  Swamp: Lair:2-4    Shoals: Lair:2-4     Snake: Lair:2-4    Spider: Lair:2-4

Altars:
Ashenzari
Gozag
Xom

Shops:
D:9 [   Lair:1 (

Portals:
Abyss: D:4

Annotations:
D:4 2 transporters, bezhaha's ghost, amateur DgEE
Lair:1 1 runed translucent door, Bruhh's ghost, journeyman GnTm


Innate Abilities, Weirdness & Mutations

((You are very nimble when in or above water. (Stealth+, EV+, Speed+++)))
Your lower body shifts to a powerful aquatic tail in water.
You passively map a small area around you.


Message History

The death yak is lightly wounded.
You completely miss the death yak.
The death yak is lightly wounded.
The death yak gores you!!
You are too injured to fight recklessly!
You are too injured to fight recklessly!
You are too injured to fight recklessly!
You slash the death yak!
The death yak is moderately wounded.
The death yak closely misses you.
You slash the death yak!
The death yak is moderately wounded.
You completely miss the death yak.
The death yak is moderately wounded.
The death yak gores you!
You slash the death yak!
The death yak is heavily wounded.
The death yak gores you!!
* * * LOW HITPOINT WARNING * * *
You feel much better. The death yak barely misses you.
You slash the death yak!
The death yak is severely wounded.
The death yak gores you!!
* * * LOW HITPOINT WARNING * * *
You slice the death yak!!
The death yak is almost dead.
Unknown command.
You completely miss the death yak.
The death yak is almost dead.
The death yak closely misses you.
You barely miss the death yak.
The death yak is almost dead.
The death yak barely misses you.
You hit the death yak but do no damage.
The death yak is almost dead.
You hit the death yak but do no damage.
The death yak is almost dead.
The death yak gores you!!
You die...
Your body crumbles into a pile of gold.

...#.#####.###≈≈≈#.#.###.≈≈.≈.###
.###.# ##.P..........###..#.....
.###.# ##..P..........##.........
.##P.# #...................#.≈≈≈≈
.###.####..................#.≈≈≈≈
...................∩.........≈≈≈≈
.###.P###..................#.≈≈≈≈
.###..# #...#.........##.....≈≈≈≈
.....## #...#...@.....##.........
#...#####...#...Y.....##...#.....
#...##P##...#....####............
....(#...........#.#.#...........
.................................
##...##....).....................
##...##.##....#..##..#...........
#....P#.#.....#.######.......####
##....#.........##.###.......##


You could see a death yak.

Vanquished Creatures
  2 hydras
  2 two-headed ogres
  2 death yaks (Lair:1)
  Joseph (D:8)
  4 cane toads (Lair:1)
  3 komodo dragons (Lair:1)
  A rime drake (Lair:1)
  Grinder (D:5)
  Sigmund (D:6)
  3 spriggans (Bailey)
  24 yaks
  2 wyverns
  An acid dragon (Bailey)
  7 water moccasins
  Duvessa (D:6)
  2 orc warriors (D:7)
  2 sky beasts (D:6)
  A black bear (D:6)
  3 ice beasts
  8 ogres
  2 centaurs (D:9)
  3 kobold brigands
  6 bullfrogs
  Blork the orc (D:3)
  A gnoll sergeant (D:6)
  3 necrophages
  4 scorpions
  7 wights
  6 killer bees (D:9)
  Dowan (D:6)
  An electric eel (Lair:1)
  2 howler monkeys
  4 crimson imps (D:7)
  2 hounds
  Crazy Yiuf (D:6)
  A gnoll shaman (D:6)
  8 orc priests
  2 jellies (D:6)
  4 iguanas
  7 orc wizards
  8 mummies (Ossuary)
  12 gnolls
  7 adders
  A shadow imp (D:6)
  An ufetubus (D:6)
  A dart slug (D:5)
  27 orcs
  8 ball pythons
  5 bats
  4 endoplasms
  3 giant cockroaches
  A gnoll zombie (Ossuary)
  11 goblins
  6 hobgoblins
  5 quokkas
  3 frilled lizards
  2 hobgoblin zombies (Ossuary)
  14 kobolds
  3 kobold zombies (Ossuary)
  2 orc zombies (Ossuary)
  6 rats
267 creatures vanquished.

Vanquished Creatures (others)
  A fungus (Lair:1)
  41 plants
42 creatures vanquished.

Grand Total: 309 creatures vanquished

Notes
Turn   | Place    | Note
-------+----------+-------------------------------------------
     0 | D:1      | Bruhh the Merfolk Gladiator began the quest for the Orb.
     0 | D:1      | Reached XP level 1. HP: 16/16 MP: 1/1
   264 | D:1      | Reached skill level 4 in Long Blades
   307 | D:1      | Reached XP level 2. HP: 22/22 MP: 2/2
   738 | D:1      | Found a faded altar of an unknown god.
   844 | D:1      | Prayed at the altar of an unknown god.
   844 | D:1      | Became a worshipper of Gozag Ym Sagoz the Greedy
  1090 | D:2      | Reached skill level 5 in Long Blades
  1090 | D:2      | Reached XP level 3. HP: 6/27 MP: 3/3
  2075 | D:3      | You fall into a shaft and drop 3 floors!
  2085 | D:6      | Noticed an ice beast
  2101 | D:6      | Reached XP level 4. HP: 10/33 MP: 4/4
  2108 | D:6      | Killed an ice beast
  2109 | D:6      | Reached skill level 6 in Long Blades
  2109 | D:6      | Reached skill level 5 in Dodging
  2109 | D:6      | Reached XP level 5. HP: 21/38 MP: 5/5
  2160 | D:5      | Entered Level 5 of the Dungeon
  2310 | D:6      | Reached XP level 6. HP: 29/44 MP: 6/6
  2314 | D:6      | Reached skill level 7 in Long Blades
  2457 | D:5      | Reached XP level 7. HP: 50/50 MP: 7/7
  2689 | D:5      | Found a broken altar of Ashenzari.
  3159 | D:5      | Reached skill level 8 in Long Blades
  3484 | D:4      | Found a sand-covered staircase.
  3557 | Ossuary  | Entered an ossuary
  3882 | D:4      | Noticed Blork the orc
  3899 | D:3      | Killed Blork the orc
  3900 | D:3      | Reached XP level 8. HP: 6/56 MP: 8/8
  3900 | D:3      | Gained mutation: You are dopey. (Int -2) [potion of
                  | mutation]
  3900 | D:3      | Gained mutation: You have hidden genetic defects. [potion
                  | of mutation]
  3900 | D:3      | Gained mutation: You are partially covered in iridescent
                  | scales. (AC +2) [potion of mutation]
  3939 | D:3      | Reached skill level 9 in Long Blades
  3959 | D:3      | Lost mutation: You have hidden genetic defects. [potion of
                  | mutation]
  3959 | D:3      | Lost mutation: You are dopey. (Int -2) [potion of mutation]
  3959 | D:3      | Lost mutation: You are partially covered in iridescent
                  | scales. (AC +2) [potion of mutation]
  3959 | D:3      | Gained mutation: Your magical capacity is low. (-10% MP)
                  | [potion of mutation]
  3960 | D:3      | Lost mutation: Your magical capacity is low. (-10% MP)
                  | [potion of mutation]
  3960 | D:3      | Gained mutation: You are weak. (Str -2) [potion of
                  | mutation]
  3960 | D:3      | Gained mutation: Your movements are slightly less
                  | encumbered by armour. (ER -2) [potion of mutation]
  4510 | D:4      | Noticed bezhaha's ghost (amateur DgEE)
  4523 | D:4      | Found a transporter.
  4553 | D:4      | Found a transporter.
  4567 | D:4      | Found a one-way gate to the infinite horrors of the Abyss.
  4722 | D:4      | Identified the +7 dagger of Impatience {venom, Str+2 Dex+3
                  | Stlth-}
  4804 | D:4      | Found a staircase to the Ecumenical Temple.
  5113 | D:6      | Noticed Grinder
  5121 | D:5      | Killed Grinder
  5122 | D:5      | Reached skill level 10 in Long Blades
  5122 | D:5      | Reached skill level 10 in Dodging
  5146 | D:5      | Reached XP level 9. HP: 59/59 MP: 9/9
  5233 | D:6      | Reached skill level 11 in Long Blades
  5233 | D:6      | Identified the ring of Darkness {Drain Fly rElec rPois
                  | Will+}
  5617 | D:6      | Noticed Duvessa
  5630 | D:6      | Killed Duvessa
  5637 | D:6      | Noticed Dowan
  5649 | D:6      | Killed Dowan
  5650 | D:6      | Reached skill level 5 in Fighting
  5889 | D:6      | Noticed Sigmund
  5902 | D:6      | Killed Sigmund
  5917 | D:6      | Found a runed translucent door.
  5918 | D:6      | Noticed Crazy Yiuf
  5926 | D:6      | Killed Crazy Yiuf
  5927 | D:6      | Reached skill level 12 in Long Blades
  6408 | D:7      | Found a shimmering altar of Xom.
  6498 | D:7      | Reached XP level 10. HP: 73/77 MP: 10/10
  6526 | D:7      | Lost mutation: You are weak. (Str -2) [potion of mutation]
  6526 | D:7      | Lost mutation: Your movements are slightly less encumbered
                  | by armour. (ER -2) [potion of mutation]
  6526 | D:7      | Gained mutation: You passively map a small area around you.
                  | [potion of mutation]
  6891 | D:7      | Reached skill level 13 in Long Blades
  7370 | D:8      | Noticed Joseph
  7388 | D:8      | Killed Joseph
  7423 | D:8      | Found a flagged portal.
  7452 | Bailey   | Entered a bailey
  7600 | Bailey   | Reached skill level 14 in Long Blades
  7701 | Bailey   | Noticed a two-headed ogre
  7711 | Bailey   | Killed a two-headed ogre
  8073 | D:9      | Reached XP level 11. HP: 65/89 MP: 11/11
  8144 | D:9      | Found a staircase to the Lair.
  8195 | D:9      | Reached skill level 10 in Fighting
  8206 | D:9      | Noticed a two-headed ogre
  8220 | D:9      | Killed a two-headed ogre
  8411 | D:9      | Found a staircase to the Orcish Mines.
  8411 | D:9      | Found Kuzonacs's Armour Shoppe.
  8705 | D:9      | Reached skill level 1 in Evocations
  8791 | Lair:1   | Entered Level 1 of the Lair of Beasts
  9144 | Lair:1   | Found a runed translucent door.
  9144 | Lair:1   | Noticed a four-headed hydra
  9401 | Lair:1   | Reached skill level 5 in Evocations
  9486 | Lair:1   | Killed a five-headed hydra
  9761 | Lair:1   | Reached XP level 12. HP: 78/97 MP: 12/12
 10015 | Lair:1   | Noticed Bruhh's ghost (journeyman GnTm)
 10139 | Lair:2   | Noticed a four-headed hydra
 10140 | Lair:2   | Noticed a death yak
 10143 | Lair:2   | Noticed a death yak
 10145 | Lair:2   | Killed a four-headed hydra
 10145 | Lair:2   | Noticed a death yak
 10149 | Lair:2   | Noticed a death yak
 10150 | Lair:2   | Noticed a death yak
 10164 | Lair:1   | Killed a death yak
 10194 | Lair:1   | Killed a death yak
 10572 | Lair:1   | Bought a +4 scimitar of holy wrath for 438 gold pieces
 10597 | Lair:1   | Mangled by a death yak

Illustrated notes

Levels and vault maps discovered:
D:1:      amcnicky_arrival_single_pillar, layout_basic,
          shapermc_ecumenical_altar_totnotflames, corexii_leaking_fountain,
          minmay_liquid_box, grunt_decor_mini_mirrors
D:2:      layout_loops_ring
D:3:      layout_loops_cross
D:4:      layout_loops_ring, temple_green, gammafunk_ghost_abyssal_escape,
          nicolae_ossuary_entry_false_entrances, minmay_misc_feat_rows,
          serial_bayou_pond_e, uniq_blork_the_orc
D:5:      layout_cave_pools, nicolae_overflow_crystal_walls
D:6:      layout_cave_pools, grunt_ministairs_1, uniq_grinder, uniq_duvessa,
          uniq_crazy_yiuf_cottage, uniq_sigmund
D:7:      layout_loops_ring, led_xom_imps
D:8:      layout_loops_ring, enter_bailey_7, minivault_11, uniq_joseph
D:9:      layout_cave_pools, lair_entry_dummy, nicolae_inconvenience_store,
          hangedman_corner_corridor
Lair:1:   layout_gridlike, ebering_ghost_reflecting_pool, serial_bayou_lagoon_a,
          infiniplex_staircase_pool_2
Lair:2:   layout_small_grid, beast_lair_carwin_4, serial_bayou_shore_a

Skill      XL: |  1  2  3  4  5  6  7  8  9 10 11 12 |
---------------+-------------------------------------+-----
Long Blades    | 4 5 6 7 8 10 12 14 | 14.0
Dodging        | 5 7 8 10 11 13 | 13.3
Fighting       | 3 6 9 10 | 10.3
Evocations     | 7 9 |  9.2
Throwing       | |  2.0

Action                   |  1- 3 |  4- 6 |  7- 9 | 10-12 || total
-------------------------+-------+-------+-------+-------++-------
Melee: Long sword        |    68 |       |       |       ||    68
       Scimitar          |    16 |    69 |   470 |   512 ||  1067
       Punch             |       |       |     6 |     7 ||    13
Throw: Throwing net      |     1 |     1 |     1 |       ||     3
       Dart              |       |       |     2 |       ||     2
Invok: Potion Petition   |       |       |     1 |       ||     1
       Call Merchant     |       |       |       |     1 ||     1
Evoke: Wand              |       |       |       |    10 ||    10
  Use: Potion            |       |     1 |     7 |     3 ||    11
       Scroll            |       |       |       |    13 ||    13
 Stab: Sleeping          |     4 |       |     1 |     1 ||     6
       Held in net/web   |       |     1 |     2 |       ||     3
       Distracted        |       |       |     1 |     4 ||     5
Armor: Leather armour    |    15 |    11 |     4 |       ||    30
       Ring mail         |       |       |    88 |    52 ||   140
       Skin              |       |       |    27 |       ||    27
Dodge: Dodged            |    60 |    51 |   373 |   412 ||   896

Table legend: (Time is in decaauts)
 A = Elapsed time spent in this place.
 B = Non-inter-level travel time spent in this place.
 C = Inter-level travel time spent in this place.
 D = Time resting spent in this place.
 E = Time spent auto-exploring this place.
 F = Levels seen in this place.
 G = Mean time per level.
                   A        B        C        D        E       F      G
               +--------+--------+--------+--------+--------+-----+--------+
         Total |  10409 |  10084 |    325 |   1300 |   6261 |  13 |  800.7 |
       Dungeon |   8078 |   7770 |    308 |    892 |   4976 |   9 |  897.6 |
          Lair |   1710 |   1693 |     17 |    364 |    947 |   2 |  855.0 |
       Ossuary |    292 |    292 |      0 |     44 |    139 |   1 |  292.0 |
        Bailey |    328 |    328 |      0 |      0 |    199 |   1 |  328.0 |
               +--------+--------+--------+--------+--------+-----+--------+

Top non-repeatable levels by time:
  Lair:1: 1693 daAuts
     D:6: 1653 daAuts
     D:1: 1070 daAuts
     D:2: 912 daAuts
     D:5: 877 daAuts
     D:4: 790 daAuts
     D:7: 781 daAuts
     D:9: 710 daAuts
     D:3: 665 daAuts
     D:8: 616 daAuts
  Bailey: 328 daAuts
 Ossuary: 292 daAuts
  Lair:2: 17 daAuts
